 Dungeon Crawl Stone Soup version 0.30-a0-912-ge10d75a369 (webtiles) character file.

Game seed: 14588692381976458852

4814 Conn the Arsonist (level 10, -3/58 HPs)
             Began as an Octopode Fire Elementalist on Mar 18, 2023.
             Was a Believer of Sif Muna.
             Slain by a troll (13 damage)
             ... on level 9 of the Dungeon on Mar 19, 2023.
             The game lasted 00:24:43 (11345 turns).

Conn the Arsonist (Octopode Fire Elementalist)     Turns: 11345, Time: 00:24:44

Health: -3/58      AC:  1    Str:  9    XL:     10   Next: 48%
Magic:  14/22      EV: 13    Int: 21    God:    Sif Muna [**....]
Gold:   752        SH:  0    Dex: 12    Spells: 14/25 levels left

rFire   . . .      SeeInvis .    j - staff of conjuration
rCold   . . .      Faith    .    J - orb {guile}
rNeg    + . .      Spirit   .    (helmet restricted)
rPois   .          Reflect  .    (no amulet)
rElec   .          Rampage  .    t - ring of positive energy
rCorr   .                        L - ring of wizardry
Will    .....                    (no ring)
Stlth   +++                      (no ring)
HPRegen 0.29/turn                (no ring)
MPRegen 0.18/turn                (no ring)
                                 (no ring)
                                 (no ring)

@: no status effects
A: almost no armour, amphibious, 8 rings, camouflage 1, gelatinous body 1,
(nimble swimmer 1), tentacles
a: Renounce Religion, Channel Magic


You were on level 9 of the Dungeon.
You worshipped Sif Muna.
Sif Muna was pleased with you.
You visited 2 branches of the dungeon, and saw 10 of its levels.
You also visited: Bailey.

You collected 752 gold pieces.

Inventory:

Hand Weapons
 c - a +2 spectral dagger
 g - a +0 dagger
Missiles
 o - a throwing net
 v - 5 silver javelins
 A - a curare-tipped dart
Armour
 J - an orb of guile (worn)
Magical Staves
 j - a staff of conjuration (weapon)
 q - a staff of air
Jewellery
 t - a ring of positive energy (left tentacle)
 L - a ring of wizardry (right tentacle)
Wands
 n - a wand of flame (22)
 y - a wand of light (14)
 D - a wand of roots (8)
 G - a wand of charming (10)
Scrolls
 d - 4 scrolls of teleportation
 e - 6 scrolls of fog
 h - a scroll of summoning
 l - 2 scrolls of immolation
 m - 2 scrolls of amnesia
 p - 2 scrolls of fear
 r - 2 scrolls of enchant armour
 s - 2 scrolls of brand weapon
 x - a scroll of silence
 C - a scroll of enchant weapon
Potions
 a - a potion of magic
 b - a potion of invisibility
 f - a potion of resistance
 i - 3 potions of haste
 k - 2 potions of brilliance
 u - 2 potions of ambrosia {unknown}
 w - a potion of lignification {unknown}
 z - a potion of cancellation {unknown}
 B - a potion of might {unknown}
 E - a potion of attraction {unknown}
 H - 5 potions of flight


   Skills:
 + Level 1.1 Fighting
 + Level 1.1 Staves
 + Level 3.0 Dodging
 - Level 4.1 Stealth
 + Level 0.2 Unarmed Combat
 + Level 8.4 Spellcasting
 * Level 7.4 Conjurations
 + Level 1.6 Hexes
 + Level 9.0 Fire Magic
 * Level 2.0 Invocations
 + Level 0.1 Evocations


You had 14 spell levels left.
You knew the following spells:

 Your Spells              Type           Power      Damage    Failure   Level
a - Foxfire               Conj/Fire      100%       2x1d9     1%          1
b - Slow                  Hex            60%        N/A       1%          1
c - Inner Flame           Hex/Fire       31%        N/A       1%          3
d - Flame Wave            Conj/Fire      60%        2d14      1%          4
e - Scorch                Fire           92%        2d9       1%          2

Your spell library contained the following spells:

 Spells                   Type           Power      Damage    Failure   Level
 Kindle Blastsparks       Fire/Tloc/Air  42%        2d13      2%          3
 Confusing Touch          Hex            15%        N/A       4%          3
 Vampiric Draining        Necr           8%         2d6       9%          3


Dungeon Overview and Level Annotations

Branches:
Dungeon (9/15)             Temple (1/1) D:7          Bailey (visited)
   Lair: D:8-11         Orc: D:9-12

Altars:
Ashenzari
Cheibriados
Dithmenos
Elyvilon
Fedhas
Gozag
Hepliaklqana
Kikubaaqudgha
Makhleb
Nemelex Xobeh
Okawaru
Qazlal
Ru
Sif Muna
Trog
Uskayaw
Vehumet
Wu Jian
Xom
Yredelemnul
Zin
The Shining One

Shops:
D:2 [


Innate Abilities, Weirdness & Mutations

You cannot wear most types of armour.
You are amphibious.
You can wear up to eight rings at the same time.
Your skin changes colour to match your surroundings (Stealth+).
Your rubbery body absorbs attacks. (AC +1, EV +1)
((You are camouflaged when in or above water. (Stealth+)))
You have tentacles for arms and can constrict up to eight enemies at once.


Message History

Okay, then.
Things that are here:
a +0 whip; 4 stones
There is a fountain of clear blue water here.
HP restored.
Magic restored.
You now have 752 gold pieces (gained 12).
Found a quarterstaff.
Found a stone staircase leading up.
Found a blossoming altar of Fedhas.
A troll comes into view.
The troll shouts!
Found a potion of brilliance.
You hit the troll.
The troll is lightly wounded.
The troll bites you! The troll closely misses you. The troll barely misses you.
Casting: Foxfire (safe; 1% risk of failure)
Confirm with . or Enter, or press ? or * to list all spells.
Flames lash the troll but do no damage.
The troll barely misses you. The troll claws you!
The troll completely misses you.
Unknown command.
Casting: Scorch (safe; 1% risk of failure)
Confirm with . or Enter, or press ? or * to list all spells.
Flames lash the troll.
The troll is moderately wounded.
The troll's fire resistance burns away.
The troll bites you. The troll claws you. The troll claws you!
Unknown command.
Casting: Scorch (safe; 1% risk of failure)
Confirm with . or Enter, or press ? or * to list all spells.
Casting: Flame Wave (dangerous; 1% risk of failure)
Press: ? - help, Dir - look around, f - activate You feel a surge of power!
A wave of flame ripples out!
The flame wave engulfs the troll.
The troll is moderately wounded. (Press . to intensify the flame waves.)
The troll bites you!
* * * LOW HITPOINT WARNING * * *
The troll barely misses you. The troll claws you!
You die...

**,,**,****,**,**,**#.......##.#
*,,**,*,..,,,,**,#.....######)#
**,,,,,.#..,,,,...[..#.##..)))†
*,**,,....###*#.#.###.##.###))
*,****..#..!.,.,#.* #.##.# ###
*,* *,,.....,,,.,* #.##.# #. *,*
*,,,,...**#*** #.##.# #.
*,*****,,**#T### *.##.# #.
*,,,,,,>** #.@.# *.##.# #.
********* ###.### *.##.# #.
#...## *.##.# #. #.#..###....#
#. #.#.....########.
#...P.P..........
#.#.._..######### #...P.P.#
##......#


You could see a troll (combustible).

Vanquished Creatures
  Grinder (D:3)
  Grum (D:9)
  A steam dragon (D:6)
  An acid dragon (D:8)
  3 sky beasts
  10 orc warriors
  2 ice beasts
  A black bear (D:5)
  8 centaurs (D:8)
  3 wolves (D:9)
  2 phantoms
  2 kobold brigands
  A bullfrog (D:7)
  4 scorpions
  2 wights (D:8)
  3 howler monkeys
  The ghost of P0WERM0DE the Chiller, a weakling TeIE (D:3)
  2 quasits (D:7)
  5 hounds
  5 orc priests
  A jelly (D:7)
  A sleepcap (D:6)
  An iguana (D:6)
  9 orc wizards
  11 gnolls
  7 adders
  A shadow imp (D:7)
  3 white imps
  A worm (D:2)
  A dart slug (D:1)
  32 orcs
  10 endoplasms
  2 giant cockroaches
  11 hobgoblins
  32 kobolds
  3 quokkas
  15 ball pythons
  5 bats
  15 goblins
  6 rats
225 creatures vanquished.

Vanquished Creatures (others)
  An orc warrior (Bailey)
  705 foxfires
706 creatures vanquished.

Grand Total: 931 creatures vanquished

Notes
Turn   | Place    | Note
-------+----------+-------------------------------------------
     0 | D:1      | Conn the Octopode Fire Elementalist began the quest for the
                  | Orb.
     0 | D:1      | Reached XP level 1. HP: 11/11 MP: 3/3
   305 | D:1      | Reached XP level 2. HP: 17/17 MP: 3/5
   778 | D:1      | Reached XP level 3. HP: 21/21 MP: 0/6
  1162 | D:2      | Learned a level 2 spell: Scorch
  1166 | D:2      | Learned a level 3 spell: Inner Flame
  1501 | D:2      | Found a faded altar of an unknown god.
  1715 | D:2      | Reached XP level 4. HP: 27/27 MP: 2/7
  1858 | D:2      | Found Minueng's Armour Emporium.
  2241 | D:3      | Noticed Grinder
  2252 | D:3      | Killed Grinder
  2253 | D:3      | Reached skill level 4 in Fire Magic
  2253 | D:3      | Reached XP level 5. HP: 15/31 MP: 0/10
  2253 | D:3      | Reached XP level 6. HP: 18/36 MP: 0/11
  2825 | D:3      | Found a runed translucent gate.
  2825 | D:3      | Found a runed translucent gate.
  2826 | D:3      | Found a runed translucent gate.
  3193 | D:3      | Noticed P0WERM0DE's ghost (weakling TeIE)
  3201 | D:3      | Killed P0WERM0DE's ghost
  3692 | D:4      | Reached XP level 7. HP: 42/42 MP: 2/13
  4437 | D:5      | Entered Level 5 of the Dungeon
  4794 | D:5      | Reached skill level 5 in Fire Magic
  5094 | D:5      | Learned a level 4 spell: Flame Wave
  5293 | D:5      | Reached skill level 5 in Spellcasting
  5327 | D:5      | Reached XP level 8. HP: 30/47 MP: 13/15
  6222 | D:6      | Reached skill level 6 in Fire Magic
  6736 | D:6      | Reached skill level 1 in Staves
  6736 | D:6      | Reached skill level 5 in Conjurations
  6847 | D:6      | Found a glowing golden altar of the Shining One.
  6855 | D:6      | Found a radiant altar of Vehumet.
  7217 | D:7      | Reached skill level 1 in Fighting
  7217 | D:7      | Reached XP level 9. HP: 39/53 MP: 10/18
  7430 | D:7      | Reached skill level 7 in Fire Magic
  7508 | D:7      | Found a staircase to the Ecumenical Temple.
  7519 | Temple   | Entered the Ecumenical Temple
  7528 | Temple   | Became a worshipper of Sif Muna the Loreminder
  8208 | D:8      | Found an ornate altar of the Wu Jian Council.
  8318 | D:8      | Found a flagged portal.
  8489 | Bailey   | Entered a bailey
  8720 | Bailey   | Reached skill level 1 in Hexes
  9041 | Bailey   | Reached * piety under Sif Muna
  9222 | Bailey   | Reached skill level 8 in Fire Magic
  9383 | Bailey   | Learned a level 1 spell: Slow
  9509 | D:8      | Reached XP level 10. HP: 43/58 MP: 3/21
 10351 | D:8      | Reached skill level 1 in Invocations
 10836 | D:8      | Found a stormy altar of Qazlal.
 10889 | D:9      | Reached ** piety under Sif Muna
 11129 | D:9      | Noticed Grum
 11145 | D:9      | Killed Grum
 11146 | D:9      | Reached skill level 9 in Fire Magic
 11329 | D:9      | Found a blossoming altar of Fedhas.
 11345 | D:9      | Slain by a troll

Illustrated notes

Levels and vault maps discovered:
D:1:      wheals_arrival_linesprint, layout_basic
D:2:      layout_basic, shapermc_ecumenical_altar_petra, serial_shops,
          nicolae_shop_hallway_plus
D:3:      layout_loops_ring, ebering_ghost_rock_garden, lightli_corner_chamber,
          uniq_grinder
D:4:      layout_loops_ring
D:5:      layout_basic, kennysheep_crisscross, reono_crystal_passage,
          chequers_mini_garden
D:6:      layout_gridville, mainiacjoe_overflow_big_doors
D:7:      layout_gridville, temple_hall, serial_demonic, serial_demonic_f,
          serial_demonic_f, serial_demonic_a, serial_demonic_e,
          serial_demonic_f, serial_demonic_g
D:8:      layout_rooms, kennysheep_mini_moat, mainiacjoe_overflow_24_doors,
          enter_bailey_5, minmay_tree_intersection, centaur_isle
D:9:      layout_basic, fedhas_altar_1, corexii_leaking_fountain, uniq_grum,
          uniq_amaemon
Temple:   sentei_temple_godly_chess

Skill      XL: |  1  2  3  4  5  6  7  8  9 10 |
---------------+-------------------------------+-----
Conjurations   | 2 3 4 5 6 7 |  7.4
Stealth        | 3 4 |  4.1
Spellcasting   | 3 4 5 6 7 8 |  8.4
Fire Magic     | 4 5 6 8 9 |  9.0
Staves         | 1 |  1.1
Fighting       | 1 |  1.1
Hexes          | 1 |  1.6
Invocations    | 2 |  2.0
Dodging        | 3 |  3.0
Unarmed Combat | |  0.2
Evocations     | |  0.1

Action                     |  1- 3 |  4- 6 |  7- 9 | 10-12 || total
---------------------------+-------+-------+-------+-------++-------
  Melee: Unarmed           |    11 |       |       |       ||    11
         Constrict         |     5 |     7 |    12 |     5 ||    29
         Tentacles         |     4 |     6 |    16 |     3 ||    29
         Dagger            |     2 |       |       |       ||     2
         Staff             |     3 |    21 |    42 |    21 ||    87
         Punch             |       |       |     1 |       ||     1
   Cast: Foxfire           |    68 |    62 |   223 |    67 ||   420
         Scorch            |       |     9 |    63 |    10 ||    82
         Inner Flame       |       |     5 |    13 |     9 ||    27
         Flame Wave        |       |       |     1 |     3 ||     4
         Slow              |       |       |       |     2 ||     2
  Evoke: Wand              |       |     1 |     1 |       ||     2
    Use: Scroll            |     3 |     4 |     2 |     5 ||    14
         Potion            |       |       |       |     5 ||     5
   Stab: Sleeping          |     2 |     1 |     5 |     2 ||    10
 Armour: Skin              |     1 |     2 |     1 |     1 ||     5
  Dodge: Dodged            |    10 |    22 |    31 |    27 ||    90

Table legend: (Time is in decaauts)
 A = Elapsed time spent in this place.
 B = Non-inter-level travel time spent in this place.
 C = Inter-level travel time spent in this place.
 D = Time resting spent in this place.
 E = Time spent auto-exploring this place.
 F = Levels seen in this place.
 G = Mean time per level.
                   A        B        C        D        E       F      G
               +--------+--------+--------+--------+--------+-----+--------+
         Total |  11343 |  11206 |    137 |    132 |   8900 |  11 | 1031.2 |
       Dungeon |  10392 |  10255 |    137 |    132 |   8213 |   9 | 1154.7 |
        Temple |     18 |     18 |      0 |      0 |      0 |   1 |   18.0 |
        Bailey |    932 |    932 |      0 |      0 |    687 |   1 |  932.0 |
               +--------+--------+--------+--------+--------+-----+--------+

Top non-repeatable levels by time:
     D:8: 1737 daAuts
     D:3: 1400 daAuts
     D:5: 1369 daAuts
     D:1: 1157 daAuts
     D:7: 1113 daAuts
     D:6: 1099 daAuts
     D:4: 1072 daAuts
     D:2: 974 daAuts
  Bailey: 932 daAuts
     D:9: 469 daAuts
  Temple: 18 daAuts
